 Dungeon Crawl Stone Soup version 0.19.1-1-g22dce08 (console) character file.

19605 Kloppie the Cleaver (level 12, -3/111 (113) HPs)
             Began as a Grey Draconian Berserker on Jan 16, 2017.
             Was a High Priest of Trog.
             Shot with an arrow by Nessos (6 damage)
             ... on level 4 of the Lair of Beasts.
             The game lasted 00:19:00 (16008 turns).

Kloppie the Cleaver (Grey Draconian Berserker)     Turns: 16008, Time: 00:19:01

HP:   -3/111 (113)  AC: 16    Str: 19    XL:     12   Next: 38%
MP:   12/12         EV: 15    Int:  8    God:    Trog [*****.]
Gold: 982           SH: 12    Dex: 16    Spells: 0 memorised, 11 levels left

rFire  . . .     SeeInvis .     a - +2 broad axe (chop)
rCold  . . .     Gourm    .     (armour unavailable)
rNeg   + . .     Faith    +     w - +0 shield
rPois  .         Spirit   .     (helmet restricted)
rElec  .         Reflect  .     z - +0 cloak
rCorr  .         Harm     .     N - +0 pair of gloves
MR     +++..                    v - +0 pair of boots
Stlth  +.........               o - amulet of faith
                                F - ring of positive energy
                                y - ring of protection from magic

@: lethally poisoned (-3 -> -24), exhausted, regenerating, slowed, very slow
A: walk through water, unfitting armour, robust 1, unbreathing, cold-blooded, AC
+13
a: Berserk, Trog's Hand, Brothers in Arms, Burn Spellbooks, Renounce Religion


You were on level 4 of the Lair of Beasts.
You worshipped Trog.
Trog was extremely pleased with you.
You were not hungry.

You visited 2 branches of the dungeon, and saw 14 of its levels.

You collected 982 gold pieces.

Inventory:

Hand Weapons
 a - a +2 broad axe of chopping (weapon)
 b - a +0 scimitar of flaming
 f - a +0 war axe
 Q - a +5 antimagic war axe
Armour
 v - a +0 pair of boots (worn)
 w - a +0 shield (worn)
 z - a +0 cloak (worn)
 N - a +0 pair of gloves (worn)
Jewellery
 o - an amulet of faith (around neck)
 t - an uncursed ring of fire
 y - a ring of protection from magic (left hand)
 E - an uncursed ring of stealth
 F - a ring of positive energy (right hand)
 O - an uncursed ring of ice
Wands
 A - a wand of hasting (3/9)
 G - a wand of paralysis (14/24)
Scrolls
 e - a scroll of magic mapping
 j - 5 scrolls of enchant weapon
 m - a scroll of recharging
 p - 2 scrolls of blinking
 r - 13 scrolls of remove curse
 s - 3 scrolls of fog
 x - 7 scrolls of noise
 B - a scroll of acquirement {unknown}
 D - 5 scrolls of teleportation {unknown}
 I - 2 scrolls of enchant armour {unknown}
 P - a scroll of vulnerability {unknown}
Potions
 c - 2 potions of might
 g - 2 potions of brilliance
 k - 2 potions of flight
 q - a potion of invisibility
 C - 4 potions of haste
 H - a potion of heal wounds
 M - a potion of magic
Books
 K - a book of Enchantments

   Spells                             Type                      Level
   a - Cause Fear                     Hexes                        4
   b - Yara's Violent Unravelling     Hexes/Transmutation          5
   c - Silence                        Hexes/Air                    5
   d - Deflect Missiles               Charms/Air                   6
   e - Discord                        Hexes                        8
   Trog disapproves of the use of such an item.
 L - a book of Summonings

   Spells                             Type                      Level
   a - Recall                         Summoning/Translocation      3
   b - Aura of Abjuration             Summoning                    5
   c - Summon Demon                   Summoning                    5
   d - Summon Forest                  Summoning/Translocation      5
   e - Summon Mana Viper              Hexes/Summoning              5
   f - Shadow Creatures               Summoning                    6
   Trog disapproves of the use of such an item.
Comestibles
 d - 3 slices of pizza
 h - 39 fruits
 i - a royal jelly
 l - 3 beef jerkies
 n - 7 meat rations
 u - 10 chunks of flesh
 J - 8 bread rations


   Skills:
 - Level 8.8 Fighting
 + Level 8.1 Long Blades
 - Level 12.3 Axes
 - Level 5.4 Dodging
 + Level 11.5 Shields


You had 11 spell levels left.
You didn't know any spells.

Dungeon Overview and Level Annotations

Branches:
Dungeon (10/15)            Temple (0/1) D:7            Lair (4/6) D:8
 Shoals (0/4) Lair:2
  Snake: Lair:2-4    Spider: Lair:2-4       Orc: D:9-12

Altars:
Ashenzari
Dithmenos
Elyvilon
Fedhas
Makhleb
Nemelex Xobeh
Qazlal
Ru
Uskayaw
Vehumet
Zin
The Shining One

Portals:
Trove: D:10 (give 2 scrolls of acquirement)

Annotations:
Lair:4 Nessos, Sonja


Innate Abilities, Weirdness & Mutations

You can walk through water.
Your dull iron-grey scales are very hard. (AC +13)
You cannot fit into any form of body armour.
You can survive without breathing.
You are cold-blooded and may be slowed by cold attacks.
You are robust. (+10% HP)


Message History

Aim: Nessos, wielding a longbow of flaming and wearing a centaur barding Attack!
You feel sick.
Nessos evades a web.
Your deep troll struggles to get unstuck from the web.
Sonja shoots a curare-tipped needle.
You block the curare-tipped needle.
Nessos casts a spell.
Nessos seems to speed up.
Your deep troll pulls away from the web.
You feel sick.
Nessos shoots an arrow.
The arrow hits you!
* * * LOW HITPOINT WARNING * * *
The arrow burns you.
You are more poisoned.
* * * LOW HITPOINT WARNING * * *
Sonja shoots a curare-tipped needle.
The curare-tipped needle hits you.
You are more poisoned.
You feel as though you will be slow longer.
Nessos shoots an arrow.
The arrow hits you!
* * * LOW HITPOINT WARNING * * *
The arrow burns you.
You are more poisoned.
You die...

...
#..##.....##
#....##.......#
##.#.##.#.....#
# .#.K.......#
#####.......#
##......##
#...(...##
##..)[...#
#.(@...##
#...(...#
#........#
##......##
..^.^T....
............#
..^^...^..^.P#
.^^.c^^.^^^^##
.^..^^^..^..#


You could see Nessos, Sonja and a friendly deep troll (berserk).

Vanquished Creatures
  Josephine (Lair:4)
  Fannar (Lair:3)
  A hydra (Lair:2)
  Erica (D:8)
  An unseen horror (D:10)
  A siren (Lair:2)
  2 black mambas
  3 spiny frogs
  A torpor snail (Lair:2)
  3 rime drakes
  6 komodo dragons
  2 guardian mummies (D:10)
  A troll (D:9)
  4 hippogriffs
  Sigmund (D:3)
  4 wraiths (Lair:4)
  A wyvern (D:8)
  8 yaks
  The ghost of Angani the Ducker, an amateur FeTm (D:6)
  2 basilisks
  Menkaure (D:7)
  3 wargs (D:8)
  10 water moccasins
  6 porcupines
  2 ice beasts
  2 sky beasts
  3 black bears
  2 necrophages
  4 centaurs
  6 ogres
  4 orc warriors
  A phantom (D:9)
  4 crocodiles
  A big kobold (D:10)
  11 bullfrogs
  A water moccasin zombie (D:9)
  5 scorpions
  7 killer bees
  3 wights (D:9)
  5 howler monkeys
  A crimson imp (D:9)
  A bullfrog zombie (D:6)
  A centaur zombie (D:6)
  A jelly (D:8)
  5 hounds
  10 orc priests
  2 bullfrog skeletons
  3 iguanas
  Terence (D:3)
  9 orc wizards
  6 hell rats (Lair:3)
  9 worker ants
  2 hound skeletons
  2 worker ant zombies
  A howler monkey skeleton (D:4)
  11 adders
  3 shadow imps
  An ooze (D:6)
  2 adder skeletons
  3 worms
  2 dart slugs
  10 leopard geckos
  48 orcs
  6 giant cockroaches
  10 goblins
  7 hobgoblins
  10 jackals
  3 quokkas
  2 ball pythons
  6 bats
  6 frilled lizards
  A jackal zombie (D:5)
  15 kobolds
  2 leopard gecko skeletons
  A leopard gecko zombie (D:7)
  A quokka skeleton (D:4)
  5 rats
  3 fungi
338 creatures vanquished.

Vanquished Creatures (collateral kills)
  A spiny frog (Lair:4)
1 creature vanquished.

Vanquished Creatures (others)
  An orc (D:5)
1 creature vanquished.

Grand Total: 340 creatures vanquished

Notes
Turn   | Place    | Note
-------+----------+-------------------------------------------
     0 | D:1      | Kloppie the Draconian Berserker began the quest for the Orb.
     0 | D:1      | Reached XP level 1. HP: 19/19 MP: 1/1
   336 | D:1      | Reached XP level 2. HP: 15/26 MP: 2/2
  1167 | D:2      | Reached XP level 3. HP: 32/33 MP: 3/3
  1249 | D:2      | Reached ** piety under Trog
  1800 | D:3      | Reached XP level 4. HP: 28/41 MP: 4/4
  1805 | D:3      | Reached skill level 4 in Axes
  1805 | D:3      | Found a shadowy altar of Dithmenos.
  1846 | D:3      | Noticed Terence
  1864 | D:3      | Killed Terence
  1989 | D:3      | Found a glowing silver altar of Zin.
  2314 | D:3      | Noticed Sigmund
  2322 | D:3      | Killed Sigmund
  2322 | D:3      | Reached skill level 5 in Axes
  2322 | D:3      | Reached XP level 5. HP: 47/47 MP: 5/5
  2322 | D:3      | Reached XP level 6. HP: 55/55 MP: 6/6
  2400 | D:3      | Found a faded altar of an unknown god.
  2400 | D:3      | Found a faded altar of an unknown god.
  2412 | D:3      | Found a faded altar of an unknown god.
  2414 | D:3      | Found a faded altar of an unknown god.
  2416 | D:3      | Found a stormy altar of Qazlal.
  2679 | D:3      | Reached *** piety under Trog
  2780 | D:3      | Found a glowing golden altar of the Shining One.
  3260 | D:4      | Gained mutation: You possess an exceptional clarity of mind. [potion of mutation]
  3260 | D:4      | Lost mutation: You possess an exceptional clarity of mind. [potion of mutation]
  3260 | D:4      | Gained mutation: You are robust. (+10% HP) [potion of mutation]
  3691 | D:4      | Your scales start taking on a dull iron-grey colour.
  3691 | D:4      | Reached XP level 7. HP: 48/66 MP: 7/7
  3691 | D:4      | Gained mutation: You can survive without breathing. [Grey Draconian growth]
  3699 | D:4      | Reached skill level 6 in Axes
  3881 | D:4      | Found a sparkling altar of Nemelex Xobeh.
  4041 | D:5      | Entered Level 5 of the Dungeon
  4056 | D:5      | Reached skill level 5 in Shields
  4245 | D:5      | Reached skill level 7 in Axes
  4323 | D:5      | Found a blossoming altar of Fedhas.
  4324 | D:5      | Reached **** piety under Trog
  4335 | D:5      | Reached XP level 8. HP: 26/73 MP: 8/8
  4907 | D:6      | Found a shattered altar of Ashenzari.
  4988 | D:6      | Noticed Angani's ghost (amateur FeTm)
  5003 | D:6      | Killed Angani's ghost
  5113 | D:6      | Reached skill level 8 in Axes
  5429 | D:6      | Reached XP level 9. HP: 80/80 MP: 9/9
  5606 | D:6      | Reached skill level 9 in Axes
  5891 | D:6      | Found a hide-covered altar of Uskayaw.
  6083 | D:6      | Reached skill level 5 in Fighting
  6399 | D:7      | Reached ***** piety under Trog
  6548 | D:7      | Found a radiant altar of Vehumet.
  6638 | D:7      | Noticed Menkaure
  6646 | D:7      | Killed Menkaure
  6934 | D:7      | Found a staircase to the Ecumenical Temple.
  7237 | D:7      | Found a sacrificial altar of Ru.
  7778 | D:8      | Found a staircase to the Lair.
  7795 | D:8      | Reached skill level 10 in Axes
  8067 | D:8      | Noticed Erica
  8079 | D:8      | Killed Erica
  8079 | D:8      | Received a gift from Trog
  8079 | D:8      | Reached XP level 10. HP: 96/96 MP: 10/10
  8386 | D:8      | Identified the Grimoire of Envenoming and the Traveller
  8670 | D:8      | Reached skill level 11 in Axes
  9135 | D:9      | Found a burning altar of Makhleb.
  9555 | D:9      | Found a white marble altar of Elyvilon.
  9876 | D:9      | Received a gift from Trog
  9914 | D:10     | Entered Level 10 of the Dungeon
  9976 | D:10     | Found a portal to a secret trove of treasure.
 10687 | D:10     | Killed an unseen horror
 10687 | D:10     | Reached skill level 12 in Axes
 10687 | D:10     | Reached skill level 5 in Dodging
 11141 | Lair:1   | Entered Level 1 of the Lair of Beasts
 11207 | Lair:1   | Noticed a black mamba
 11215 | Lair:1   | Killed a black mamba
 11215 | Lair:1   | Reached XP level 11. HP: 81/102 MP: 11/11
 11496 | Lair:1   | Reached skill level 1 in Long Blades
 12420 | Lair:2   | Noticed an eight-headed hydra
 12427 | Lair:2   | Killed a five-headed hydra
 12824 | Lair:2   | Reached skill level 5 in Long Blades
 13148 | Lair:2   | Reached skill level 10 in Shields
 13156 | Lair:2   | HP: 5/102 [poisoned by a spiny frog]
 13635 | Lair:2   | Found a staircase to the Shoals.
 14373 | Lair:3   | Noticed Fannar
 14388 | Lair:3   | Killed Fannar
 14388 | Lair:3   | Reached XP level 12. HP: 75/111 MP: 12/12
 15956 | Lair:4   | Received a gift from Trog
 15977 | Lair:4   | Noticed Sonja
 15977 | Lair:4   | Noticed Josephine
 15990 | Lair:4   | Killed Josephine
 16007 | Lair:4   | Noticed Nessos
 16008 | Lair:4   | HP: 3/111 [Nessos/arrow (15)]
 16008 | Lair:4   | Shot with an arrow by Nessos

Skill      XL: |  1  2  3  4  5  6  7  8  9 10 11 12 |
---------------+-------------------------------------+-----
Fighting       | 4 8 |  8.8
Axes           | 5 7 8 10 12 | 12.3
Shields        | 2 3 5 7 8 10 11 | 11.5
Dodging        | 5 |  5.4
Long Blades    | 6 8 |  8.1

Action                   |  1- 3 |  4- 6 |  7- 9 | 10-12 || total
-------------------------+-------+-------+-------+-------++-------
Melee: Hand axe          |   141 |   206 |   501 |       ||   848
       Tailslap          |    18 |    24 |    77 |    82 ||   201
       Broad axe         |       |       |       |   462 ||   462
       Scimitar          |       |       |       |     6 ||     6
Invok: Berserk           |       |     5 |    13 |     8 ||    26
       Trog's Hand       |       |       |     2 |     5 ||     7
       Brothers in Arms  |       |       |       |     1 ||     1
  Use: Scroll            |       |     6 |     3 |     4 ||    13
       Potion            |       |     5 |     4 |     3 ||    12
 Stab: Sleeping          |     1 |     1 |     3 |       ||     5
       Distracted        |       |     2 |       |       ||     2
  Eat: Chunk             |     3 |    11 |    21 |    29 ||    64
       Meat ration       |       |       |     1 |       ||     1
       Bread ration      |       |       |       |     1 ||     1
       Royal jelly       |       |       |       |     1 ||     1
Armor: Skin              |    40 |    48 |   152 |   212 ||   452
Dodge: Dodged            |    95 |   143 |   331 |   335 ||   904
Block: Shield            |       |       |       |    41 ||    41
